[Event "Titled Tuesday Blitz April 05 Early 2022"]
[White "Pinheiro, Iung Alicio de O."]
[Black "Namitbir Singh Walia"]
[WhiteFideId "2104350"]
[BlackFideId "35071068"]
[WhiteElo "2519"]
[BlackElo "1565"]
[Result "1-0"]
[Round "07"]
[TimeControl "180+1"]
[Date "2022.04.05"]
[WhiteClock "0:00:06"]
[BlackClock "0:00:05"]

1. c4 Nf6 2. g3 e6 3. Bg2 d5 4. Nf3 c6 5. b3 Nbd7 6. O-O Bd6 7. Bb2 O-O 8. d4 b6 9. Nc3 Bb7 10. Nd2 c5 11. dxc5 Nxc5 12. Nb5 Bb8 13. b4 a6 14. Nd4 Ncd7 15. Rc1 Bd6 16. a3 Rc8 17. cxd5 exd5 18. N2f3 Ne4 19. Nf5 Ndf6 20. Nxd6 Qxd6 21. Qd4 h6 22. Ne5 Ng5 23. Nd3 Ne6 24. Qe5 Qe7 25. Nf4 Qd7 26. Bh3 Rfe8 27. Rxc8 Bxc8 28. Rd1 Qa4 29. Rd2 Nxf4 30. Qxf4 Bxh3 31. Bxf6 gxf6 32. Qxh6 Be6 33. Qxf6 Qb3 34. Qg5+ Kf8 35. Qh6+ Ke7 36. Rd3 Qb1+ 37. Kg2 Qc2 38. Qg5+ Kd7 39. Qe3 Kc7 40. Rc3+ Qxc3 41. Qxc3+ Kb7 42. Qd4 Rc8 43. h4 Rc4 44. Qd3 Re4 45. f3 Re5 46. Kf2 Bf5 47. Qd4 f6 48. Qf4 1-0


[Site "https://www.chess.com"]

[Event "Titled Tuesday Blitz April 05 Early 2022"]
[White "Pliukha, Myhajlo"]
[Black "Noboa Silva, Kevin"]
[WhiteFideId "14164698"]
[BlackFideId "3618471"]
[WhiteElo "2229"]
[BlackElo "2172"]
[Result "1-0"]
[Round "07"]
[TimeControl "180+1"]
[Date "2022.04.05"]
[WhiteClock "0:01:29"]
[BlackClock "0:00:01"]

1. e4 e6 2. d4 d5 3. Nc3 Nf6 4. Bg5 Be7 5. Bxf6 Bxf6 6. Nf3 a6 7. Bd3 b5 8. a3 Bb7 9. O-O O-O 10. Qe2 Nd7 11. Rad1 Nb6 12. Rfe1 Rc8 13. h3 g6 14. b4 Bg7 15. a4 dxe4 16. Bxe4 Bxe4 17. Qxe4 bxa4 18. Qc6 Qd6 19. Qc5 Rfd8 20. Ne4 Qd5 21. Ne5 Qb7 22. Nc6 Nd5 23. Nxd8 Rxd8 24. c4 Nxb4 25. Rb1 Bf8 26. Nf6+ Kh8 27. Qa5 Nc6 28. Qxa4 Qa8 29. d5 Nd4 30. dxe6 Nxe6 31. Rbd1 Rxd1 32. Rxd1 Bg7 33. Nd5 h5 34. Qd7 Kg8 35. Nxc7 Nxc7 36. Qxc7 Qe4 37. Rd8+ Kh7 38. Qxf7 Qe1+ 39. Kh2 Qe5+ 40. f4 1-0


[Site "https://www.chess.com"]

[Event "Titled Tuesday Blitz April 05 Early 2022"]
[White "Polster, Christian"]
[Black "Araujo Filho, Luiz Antonio Coel"]
[WhiteFideId "12965081"]
[BlackFideId "2130661"]
[WhiteElo "2330"]
[BlackElo "2252"]
[Result "1-0"]
[Round "07"]
[TimeControl "180+1"]
[Date "2022.04.05"]
[WhiteClock "0:00:07"]
[BlackClock "0:00:05"]

1. d4 f5 2. c4 Nf6 3. Nc3 g6 4. h4 Bg7 5. h5 d5 6. Bg5 dxc4 7. e3 Be6 8. Nh3 Bf7 9. Nf4 c6 10. a4 Na6 11. Be2 Qa5 12. O-O O-O-O 13. Qb1 Rhg8 14. Rc1 gxh5 15. d5 cxd5 16. Qxf5+ Kb8 17. Bxc4 Bg6 18. Nxg6 hxg6 19. Qe5+ Qc7 20. Qxc7+ Nxc7 21. Bd3 Bh8 22. Bf4 Nd7 23. Nxd5 e5 24. Nxc7 exf4 25. Ne6 Rde8 26. Nxf4 Ne5 27. Be4 g5 28. Nxh5 g4 29. Ng3 Bf6 30. Rc5 Rc8 31. Rac1 Rxc5 32. Rxc5 Rc8 33. Rxc8+ Kxc8 34. b3 Kc7 35. Kf1 b6 36. Nf5 Nd7 37. Bc2 Nc5 38. Ke2 Kd7 39. Nh6 Ke6 40. Nxg4 Kd6 41. Nxf6 1-0


[Site "https://www.chess.com"]

[Event "Titled Tuesday Blitz April 05 Early 2022"]
[White "Prohorov, Olexandr"]
[Black "Zanette, Edgard Vinicius"]
[WhiteFideId "14105578"]
[BlackFideId "2109263"]
[WhiteElo "1993"]
[BlackElo "2182"]
[Result "1-0"]
[Round "07"]
[TimeControl "180+1"]
[Date "2022.04.05"]
[WhiteClock "0:00:11"]
[BlackClock "0:00:06"]

1. e4 e5 2. Nf3 Nc6 3. Bb5 a6 4. Ba4 Nf6 5. O-O Be7 6. Re1 b5 7. Bb3 d6 8. c3 O-O 9. h3 Bb7 10. d4 Re8 11. Nbd2 Bf8 12. Bc2 g6 13. Nf1 Bg7 14. Ng3 Qd7 15. b3 Rad8 16. d5 Nb8 17. c4 c6 18. Bg5 h6 19. Be3 c5 20. Qd2 Kh7 21. a3 bxc4 22. bxc4 Qc7 23. Rab1 Nbd7 24. Qc3 Ba8 25. Nd2 Rb8 26. Nb3 Ng8 27. Na5 Ne7 28. Bd2 Rxb1 29. Rxb1 Rb8 30. Nb3 Nb6 31. Nf1 f5 32. exf5 Nxf5 33. Ne3 Nd4 34. Nxd4 exd4 35. Qd3 Qf7 36. Ng4 Nd7 37. Rxb8 Nxb8 38. Qg3 h5 39. Qxd6 hxg4 40. Qxb8 Qb7 41. Qf4 gxh3 42. gxh3 Qb2 43. Qe4 d3 44. Qxd3 Qa1+ 45. Kh2 Be5+ 46. Kg2 Kh8 47. Qxg6 Qd4 48. Qh7# 1-0


[Site "https://www.chess.com"]

[Event "Titled Tuesday Blitz April 05 Early 2022"]
[White "Przybylski, Wojciech"]
[Black "Kosteniuk, Alexandra"]
[WhiteFideId "1117599"]
[BlackFideId "4128125"]
[WhiteElo "2133"]
[BlackElo "2469"]
[Result "1-0"]
[Round "07"]
[TimeControl "180+1"]
[Date "2022.04.05"]
[WhiteClock "0:00:03"]
[BlackClock "0:00:02"]

1. e4 c6 2. Nc3 d5 3. Nf3 dxe4 4. Nxe4 Nf6 5. Nc3 c5 6. d4 cxd4 7. Qxd4 Qa5 8. Bd2 Nc6 9. Bb5 Bd7 10. Qa4 Qxa4 11. Bxa4 O-O-O 12. O-O-O e6 13. Ng5 Be8 14. Bf4 h6 15. Nge4 Nd5 16. Nxd5 exd5 17. Nc3 d4 18. Ne2 f6 19. f3 Bc5 20. Bb3 Bd7 21. Ng3 f5 22. Rhe1 g5 23. Be5 Nxe5 24. Rxe5 Bd6 25. Rd5 Bf4+ 26. Kb1 Bc6 27. R5xd4 Rxd4 28. Rxd4 Re8 29. a4 Re5 30. Nxf5 Bxh2 31. Nxh6 Re1+ 32. Ka2 Bf4 33. Nf5 Re2 34. g3 Bd2 35. Bc4 Rf2 36. Ne7+ Kc7 37. Nd5+ Bxd5 38. Bxd5 Ba5 39. Be4 Bb6 40. Rc4+ Kb8 41. g4 Rd2 42. Rb4 Kc7 43. a5 Bxa5 44. Rxb7+ Kd6 45. Rxa7 Bc7 46. Ra6+ Kd7 47. Rg6 Bf4 48. Kb3 Kc7 49. Rg7+ Kb6 50. Rb7+ Kc5 51. Ra7 Rf2 52. Ra5+ Kb6 53. Rd5 Rf1 54. c3 Rf2 55. Rd1 Be3 56. Ka3 Bf4 57. b4 Be5 58. Kb3 Re2 59. Rc1 Bf4 60. Rc2 Re3 61. Kb2 Re1 62. Kb3 Re3 63. Kc4 Be5 64. Rc1 Bf6 65. Kb3 Be5 66. Rc2 Bf6 67. Kc4 Be5 68. Kd5 Bxc3 69. b5 Ka5 70. Ke6 Bd4 71. Kf5 Rb3 72. Rd2 Be3 73. Rd5 Bf4 74. Rd7 Kb6 75. Kg6 Kxb5 76. Rb7+ Kc4 77. Bd5+ Kxd5 78. Rxb3 Ke5 79. Ra3 Ke6 80. Ra4 Bd2 81. Rc4 Kd5 82. Ra4 Ke6 83. Ra3 Bf4 84. Ra5 Bd2 85. Rxg5 1-0


[Site "https://www.chess.com"]

[Event "Titled Tuesday Blitz April 05 Early 2022"]
[White "Reprintsev, Alexander"]
[Black "Ilyasli, Ughur"]
[WhiteFideId "14100541"]
[BlackFideId "13416197"]
[WhiteElo "2108"]
[BlackElo "2045"]
[Result "1-0"]
[Round "07"]
[TimeControl "180+1"]
[Date "2022.04.05"]
[WhiteClock "0:01:46"]
[BlackClock "0:00:01"]

1. e4 c5 2. b3 g6 3. Bb2 Nf6 4. e5 Nd5 5. Nc3 Nxc3 6. dxc3 Bg7 7. Qd5 Qc7 8. Nf3 e6 9. Qe4 Nc6 10. c4 d5 11. cxd5 exd5 12. Qxd5 O-O 13. O-O-O Bg4 14. Qxc5 Rac8 15. Bc4 Bxf3 16. gxf3 Nxe5 17. Qxc7 Rxc7 18. Bd5 Rfc8 19. c4 b5 20. f4 Ng4 21. Bxg7 Kxg7 22. Rd2 Nf6 23. Kb2 bxc4 24. Bxc4 Nh5 25. f5 gxf5 26. Rg1+ Kf6 27. Rd6+ Ke5 28. Rh6 Nf4 29. Rxh7 Rd8 30. Re1+ Kd4 31. Rd1+ Ke5 32. Rxd8 Ne6 33. Bxe6 1-0


[Site "https://www.chess.com"]

[Event "Titled Tuesday Blitz April 05 Early 2022"]
[White "Rodchenkov, Sergey D."]
[Black "Xu, Yi"]
[WhiteFideId "4168712"]
[BlackFideId "8605564"]
[WhiteElo "2306"]
[BlackElo "2471"]
[Result "0-1"]
[Round "07"]
[TimeControl "180+1"]
[Date "2022.04.05"]
[WhiteClock "0:00:17"]
[BlackClock "0:00:40"]

1. e4 c5 2. Nf3 d6 3. d4 cxd4 4. Nxd4 Nf6 5. Nc3 a6 6. Bg5 e6 7. f4 h6 8. Bh4 Qb6 9. a3 Nc6 10. Bf2 Qc7 11. Qf3 Be7 12. O-O-O Bd7 13. h3 Nxd4 14. Bxd4 Bc6 15. Bd3 b5 16. Kb1 Rb8 17. Na2 a5 18. b3 b4 19. a4 d5 20. e5 Ne4 21. Bxe4 dxe4 22. Qg3 O-O 23. Nc1 Rfd8 24. Ne2 Bf8 25. Bb2 Bd5 26. Nd4 Rbc8 27. Rd2 Qe7 28. h4 Rc5 29. Rf1 Rdc8 30. f5 Rc3 31. Qg4 e3 32. Re2 exf5 33. Nxf5 Qe6 34. Bxc3 Rxc3 35. Nxe3 Bxb3 36. cxb3 Rxb3+ 37. Kc1 Rc3+ 38. Rc2 Qa2 39. Rxc3 bxc3 40. Qf5 Qb2+ 0-1


[Site "https://www.chess.com"]

[Event "Titled Tuesday Blitz April 05 Early 2022"]
[White "Rodchenkov, Vitaly"]
[Black "Mickiewicz, Piotr"]
[WhiteFideId "4152964"]
[BlackFideId "1114891"]
[WhiteElo "2337"]
[BlackElo "2266"]
[Result "0-1"]
[Round "07"]
[TimeControl "180+1"]
[Date "2022.04.05"]
[WhiteClock "0:01:47"]
[BlackClock "0:01:33"]

1. Nf3 d5 2. d4 Nf6 3. g3 Bf5 4. Bg2 e6 5. O-O h6 6. c4 c6 7. Nbd2 Be7 8. Re1 O-O 9. b3 a5 10. a4 Na6 11. Bb2 Nb4 12. Qc1 Nc2 13. e4 dxe4 14. Nh4 Nxe1 15. Qxe1 Bb4 16. Ba3 Bxa3 17. Rxa3 Qxd4 18. Nxf5 exf5 19. Nf1 Rad8 20. Ne3 g6 21. Ra1 Rfe8 22. Rd1 Qb2 23. Qxa5 Rxd1+ 24. Nxd1 Qxb3 25. Ne3 b6 26. Qd2 Kg7 27. a5 bxa5 28. Qxa5 h5 29. h3 h4 30. gxh4 f4 31. Ng4 Nxg4 32. hxg4 f3 33. Bh3 e3 34. Qe1 e2 35. Qa1+ Kg8 36. Qe1 Qd1 0-1


[Site "https://www.chess.com"]

[Event "Titled Tuesday Blitz April 05 Early 2022"]
[White "Ronka, Erik"]
[Black "Kaminski, Victor"]
[WhiteFideId "505080"]
[BlackFideId "1131630"]
[WhiteElo "2264"]
[BlackElo "2181"]
[Result "0-1"]
[Round "07"]
[TimeControl "180+1"]
[Date "2022.04.05"]
[WhiteClock "0:00:02"]
[BlackClock "0:00:21"]

1. e4 e5 2. Bc4 Nf6 3. d3 Bc5 4. Nc3 d6 5. f4 exf4 6. Bxf4 O-O 7. Nf3 Bg4 8. d4 Bb4 9. O-O Bxc3 10. bxc3 Nxe4 11. Bd3 Nxc3 12. Qe1 Nd5 13. Bd2 Re8 14. Qg3 Bh5 15. Ng5 Nf6 16. c4 Bg6 17. Bc3 d5 18. Bxg6 hxg6 19. Qh4 Nbd7 20. cxd5 Nf8 21. Rad1 Qxd5 22. Kh1 Ne4 23. Nxf7 Nf6 24. Ne5 Qe4 25. Rf4 Qc2 26. Rdf1 N8h7 27. Be1 g5 28. Qf2 Qxf2 29. R4xf2 Rad8 30. Bc3 Ne4 31. Rc2 Rf8 32. Rxf8+ Rxf8 33. Kg1 c6 34. Be1 Nhf6 35. Nf3 Nd5 36. Re2 g4 37. Ne5 Nd6 38. h3 gxh3 39. gxh3 Nf5 40. Rg2 Nxd4 41. Bh4 Nf3+ 42. Nxf3 Rxf3 43. Kh2 Nf4 44. Rd2 Rxh3+ 0-1


[Site "https://www.chess.com"]

[Event "Titled Tuesday Blitz April 05 Early 2022"]
[White "Rottenwohrer Suarez, Juan"]
[Black "Mkrtchyan, Mariam"]
[WhiteFideId "32068182"]
[BlackFideId "13310828"]
[WhiteElo "2158"]
[BlackElo "1984"]
[Result "0-1"]
[Round "07"]
[TimeControl "180+1"]
[Date "2022.04.05"]
[WhiteClock "0:00:41"]
[BlackClock "0:00:33"]

1. d4 d5 2. c4 c6 3. Nf3 Nf6 4. Nc3 dxc4 5. a4 Bf5 6. Ne5 Nbd7 7. Nxc4 Qc7 8. g3 e5 9. dxe5 Nxe5 10. Bf4 Nfd7 11. Bg2 g5 12. Bxe5 Nxe5 13. Qd4 f6 14. h4 Nxc4 15. Qxc4 O-O-O 16. Be4 Bxe4 17. Qxe4 Kb8 18. Rd1 Bd6 19. Qf5 Qb6 20. Kf1 Qxb2 21. Ne4 Qe5 22. Qxe5 Bxe5 23. Rxd8+ Rxd8 24. hxg5 Rd1+ 25. Kg2 Rxh1 26. Kxh1 fxg5 27. Nxg5 b5 28. axb5 cxb5 29. f4 Bh8 30. Nf7 b4 0-1


[Site "https://www.chess.com"]

[Event "Titled Tuesday Blitz April 05 Early 2022"]
[White "Rozhkov, Viacheslav"]
[Black "volunteers1998"]
[WhiteFideId "4181484"]
[WhiteElo "2324"]
[BlackElo "2321"]
[Result "1-0"]
[Round "07"]
[TimeControl "180+1"]
[Date "2022.04.05"]
[WhiteClock "0:00:46"]
[BlackClock "0:00:52"]

1. e4 c5 2. Nf3 Nc6 3. d4 cxd4 4. Nxd4 Nf6 5. Nc3 e5 6. Ndb5 d6 7. Nd5 Nxd5 8. exd5 Nb8 9. c4 Be7 10. Be2 O-O 11. O-O a6 12. Nc3 f5 13. f3 Nd7 14. Be3 b6 15. Qd2 Nc5 16. b4 Nd7 17. Rac1 Bb7 18. Na4 Bf6 19. Rb1 Rc8 20. Rfc1 Ba8 21. c5 b5 22. Nb2 dxc5 23. bxc5 Be7 24. d6 Bf6 25. Nd3 Bc6 26. Nb4 Nb8 27. Bd1 Kh8 28. Bc2 a5 29. Nxc6 Nxc6 30. Bxf5 Rb8 31. Be4 Qd7 32. Qd5 Nb4 33. Rxb4 axb4 34. c6 Qc8 35. c7 Ra8 36. Qxa8 Qxa8 37. Bxa8 Rxa8 38. c8=Q+ 1-0


[Site "https://www.chess.com"]

[Event "Titled Tuesday Blitz April 05 Early 2022"]
[White "Sahil, Tickoo"]
[Black "Girinath, P.D.S."]
[WhiteFideId "5019710"]
[BlackFideId "5000572"]
[WhiteElo "2099"]
[BlackElo "2369"]
[Result "0-1"]
[Round "07"]
[TimeControl "180+1"]
[Date "2022.04.05"]
[WhiteClock "0:00:28"]
[BlackClock "0:00:10"]

1. d4 Nf6 2. Bf4 g6 3. e3 Bg7 4. h4 d6 5. Bd3 h6 6. Nf3 Nc6 7. c3 Bg4 8. Bh2 O-O 9. Be2 Re8 10. Nbd2 e5 11. dxe5 dxe5 12. Nc4 e4 13. Qxd8 Raxd8 14. Nd4 Nxd4 15. cxd4 Bxe2 16. Kxe2 Nd5 17. Be5 Bxe5 18. Nxe5 c5 19. Rhd1 cxd4 20. exd4 Nf4+ 21. Kf1 f6 22. Nc4 Nd3 23. f3 Rxd4 24. fxe4 Rexe4 25. Nd2 Rxh4 26. Nf3 Rh1+ 27. Ke2 Nf4+ 28. Ke3 Rhxd1 29. Rxd1 Rxd1 30. Kxf4 Rb1 31. b3 Rb2 32. g4 Rxa2 33. Nd4 Rb2 34. Ke4 Kf7 35. Kd3 h5 36. Kc3 Rg2 37. gxh5 gxh5 38. Nb5 h4 39. Nd6+ Kg6 40. Nxb7 h3 41. Nc5 h2 42. Ne6 h1=Q 43. Nf4+ Kf5 44. Nxg2 Qxg2 45. Kb4 Qe4+ 46. Ka3 Qb7 47. b4 Qb6 48. Ka4 Ke4 49. b5 Kd4 50. Kb4 f5 51. Ka3 Qxb5 52. Ka2 Kc3 53. Ka1 Qb2# 0-1


[Site "https://www.chess.com"]

[Event "Titled Tuesday Blitz April 05 Early 2022"]
[White "Samaganova, Aleksandra"]
[Black "Buscar, Michael"]
[WhiteFideId "13800221"]
[BlackFideId "2603616"]
[WhiteElo "1859"]
[BlackElo "2010"]
[Result "1-0"]
[Round "07"]
[TimeControl "180+1"]
[Date "2022.04.05"]
[WhiteClock "0:00:14"]
[BlackClock "0:00:19"]

1. c4 e6 2. Nc3 d5 3. e3 Nf6 4. Nf3 Be7 5. d4 O-O 6. cxd5 exd5 7. Bd3 a6 8. h3 Nbd7 9. O-O Re8 10. a3 c5 11. dxc5 Nxc5 12. Bc2 h6 13. b4 Nce4 14. Bb2 Be6 15. Nd4 Qc8 16. Nxe4 Nxe4 17. Rc1 Bxh3 18. gxh3 Qxh3 19. Qf3 Qh4 20. Bxe4 Bd6 21. Qg2 Rxe4 22. Nf5 Qg5 23. Qxg5 hxg5 24. Nxd6 Rg4+ 25. Kh2 Kh7 26. Rg1 Rh4+ 27. Kg3 Kg6 28. Rh1 Rah8 29. Rxh4 gxh4+ 30. Kh3 f6 31. Nxb7 Kf5 32. f3 g5 33. Rc6 g4+ 34. fxg4+ Ke4 35. Re6+ Kd3 36. Bxf6 Rh7 37. Nc5+ Kc4 38. g5 a5 39. g6 Rh6 40. Bg5 Rxg6 41. Rxg6 axb4 42. axb4 Kxb4 43. Ne6 Kc4 44. Nd4 Kd3 45. Kxh4 Ke4 46. Re6+ Kd3 47. Re5 Kc4 48. Kg4 Kc5 49. Kf5 Kd6 50. Re6+ Kc5 51. Rc6+ Kb4 52. Nf3 Kb5 53. Rc8 d4 54. exd4 Kb6 55. Rc1 Kb7 56. d5 Kb6 57. d6 Kb5 58. d7 Kb4 59. d8=Q Kb3 60. Qb8+ Ka2 61. Rc7 Ka3 62. Ra7# 1-0


[Site "https://www.chess.com"]

[Event "Titled Tuesday Blitz April 05 Early 2022"]
[White "Sanchez, Robert"]
[Black "Odegov, Artem"]
[WhiteFideId "2034360"]
[BlackFideId "34183644"]
[WhiteElo "2300"]
[BlackElo "2286"]
[Result "1-0"]
[Round "07"]
[TimeControl "180+1"]
[Date "2022.04.05"]
[WhiteClock "0:00:55"]
[BlackClock "0:01:02"]

1. e4 e6 2. d4 d5 3. Nd2 Nf6 4. e5 Nfd7 5. Bd3 c5 6. c3 Nc6 7. Ne2 cxd4 8. cxd4 f6 9. exf6 Nxf6 10. Nf3 Bd6 11. O-O Qc7 12. h3 O-O 13. Be3 Bd7 14. Nc3 a6 15. Rc1 Rae8 16. Na4 Nh5 17. Nc5 Bf4 18. Ng5 g6 19. Nxh7 Bxe3 20. Nxf8 Rxf8 21. fxe3 Rxf1+ 22. Qxf1 Be8 23. Qf8+ Kxf8 24. Nxe6+ Ke7 25. Nxc7 Bf7 26. Nxa6 Nxd4 27. exd4 bxa6 28. Rc7+ Kf6 29. Rc6+ Kg7 30. Rxa6 Nf4 31. Bf1 Ne6 32. b4 Nxd4 33. b5 Nxb5 34. Bxb5 d4 35. Bd3 Kh6 36. a4 Bb3 37. a5 Ba4 38. Rb6 Kg5 39. a6 Kh4 40. Kh2 Bd1 41. a7 Bf3 42. gxf3 g5 43. Rh6# 1-0


[Site "https://www.chess.com"]

[Event "Titled Tuesday Blitz April 05 Early 2022"]
[White "Sarkar, Justin"]
[Black "Koc, Przemyslaw"]
[WhiteFideId "2010011"]
[BlackFideId "1109081"]
[WhiteElo "2038"]
[BlackElo "2141"]
[Result "0-1"]
[Round "07"]
[TimeControl "180+1"]
[Date "2022.04.05"]
[WhiteClock "0:00:01"]
[BlackClock "0:01:50"]

1. d4 f5 2. g3 Nf6 3. Bg2 g6 4. Nf3 Bg7 5. O-O O-O 6. c4 d6 7. Nc3 Qe8 8. Re1 Qf7 9. e4 Nxe4 10. Nxe4 fxe4 11. Rxe4 Nc6 12. Be3 Qxc4 13. Rc1 Qxa2 14. d5 Bf5 15. Ra4 Qxb2 16. dxc6 bxc6 17. Nd4 e5 18. Nxf5 Rxf5 19. Bxc6 Raf8 20. Rxa7 Rxf2 21. Ra2 Rf1+ 22. Qxf1 Rxf1+ 23. Rxf1 Qxa2 0-1


[Site "https://www.chess.com"]

[Event "Titled Tuesday Blitz April 05 Early 2022"]
[White "Sebag, Marie"]
[Black "Lakshmi C"]
[WhiteFideId "617822"]
[BlackFideId "25035347"]
[WhiteElo "2440"]
[BlackElo "1775"]
[Result "0-1"]
[Round "07"]
[TimeControl "180+1"]
[Date "2022.04.05"]
[WhiteClock "0:01:32"]
[BlackClock "0:01:17"]

1. e4 c5 2. Nf3 d6 3. d4 cxd4 4. Qxd4 Nc6 5. Bb5 a6 6. Bxc6+ bxc6 7. c4 e5 8. Qd3 Nf6 9. Nc3 h6 10. O-O Be6 11. b3 Qc7 12. Bb2 Be7 13. h3 Nh5 14. Bc1 O-O 15. Be3 f5 16. exf5 Bxf5 17. Qd2 Bxh3 18. Nxe5 dxe5 19. gxh3 Qc8 20. Kh2 Rf3 21. Rh1 Rxh3+ 22. Kg1 Qg4+ 23. Kf1 Rxh1# 0-1


[Site "https://www.chess.com"]

[Event "Titled Tuesday Blitz April 05 Early 2022"]
[White "Sellitti, Federico"]
[Black "Stribuk, Artiom"]
[WhiteFideId "821829"]
[BlackFideId "13515659"]
[WhiteElo "2555"]
[BlackElo "2795"]
[Result "0-1"]
[Round "07"]
[TimeControl "180+1"]
[Date "2022.04.05"]
[WhiteClock "0:00:03"]
[BlackClock "0:00:10"]

1. e4 c5 2. Nc3 Nc6 3. g3 g6 4. Bg2 Bg7 5. d3 d6 6. Be3 e5 7. Qd2 Nd4 8. Nd1 Ne7 9. c3 Ne6 10. Bh6 O-O 11. Bxg7 Kxg7 12. Ne3 Bd7 13. Ne2 f5 14. f4 exf4 15. gxf4 fxe4 16. dxe4 Nxf4 17. Nxf4 Rxf4 18. Nf5+ Rxf5 19. exf5 Nxf5 20. O-O-O Bc6 21. Rhf1 Qh4 22. Bxc6 bxc6 23. Rxf5 gxf5 24. Qxd6 Qh6+ 25. Qxh6+ Kxh6 26. Rd6+ Kg5 27. Rxc6 f4 28. Kd2 Re8 29. Rxc5+ Kg4 30. Rc7 f3 31. Rg7+ Kh3 32. Rxh7+ Kg2 33. Rg7+ Kxh2 34. Rf7 Kg2 35. Rg7+ Kf1 36. c4 a5 37. Rf7 f2 38. a3 a4 39. c5 Rb8 40. Kc3 Rb3+ 41. Kc2 Ke2 42. c6 Rb6 43. Re7+ Kf3 44. Rf7+ Kg3 45. Rg7+ Kh4 46. Rh7+ Kg5 47. Rf7 Rxc6+ 48. Kd2 Rb6 49. Rxf2 Rxb2+ 50. Ke1 Rb3 51. Ra2 Kf4 52. Kd2 Ke4 53. Kc2 Kd4 54. Ra1 Kc4 55. Ra2 Rh3 56. Ra1 Rh2+ 0-1


[Site "https://www.chess.com"]

[Event "Titled Tuesday Blitz April 05 Early 2022"]
[White "Seo, Jung Min"]
[Black "Pajeken, Jakob Leon"]
[WhiteFideId "1734687"]
[BlackFideId "12942839"]
[WhiteElo "2701"]
[BlackElo "2553"]
[Result "0-1"]
[Round "07"]
[TimeControl "180+1"]
[Date "2022.04.05"]
[WhiteClock "0:00:57"]
[BlackClock "0:01:25"]

1. d4 d5 2. c4 dxc4 3. e4 Nf6 4. e5 Nd5 5. Bxc4 Bf5 6. Ne2 e6 7. O-O Nb6 8. Bb3 Nc6 9. Nbc3 Qd7 10. Be3 O-O-O 11. Rc1 Kb8 12. a3 Qe8 13. Qe1 h5 14. Ba2 h4 15. b4 f6 16. exf6 gxf6 17. Rd1 Ne7 18. Nf4 Ned5 19. Ncxd5 Nxd5 20. Nxd5 exd5 21. Bf4 Qg6 22. Qc3 Bd6 23. Bxd6 Rxd6 24. Bb1 h3 25. g3 Bxb1 26. Rxb1 Qe4 27. f3 Qf5 28. Rbe1 Rc6 29. Qe3 a6 30. Rf2 Ka7 31. g4 Qg6 32. Rd2 f5 33. g5 Re8 34. Qf4 Rxe1+ 0-1


[Site "https://www.chess.com"]

[Event "Titled Tuesday Blitz April 05 Early 2022"]
[White "Shtyka, Sergey"]
[Black "Jaferian, Koosha"]
[WhiteFideId "4138465"]
[BlackFideId "12507440"]
[WhiteElo "2014"]
[BlackElo "2030"]
[Result "1-0"]
[Round "07"]
[TimeControl "180+1"]
[Date "2022.04.05"]
[WhiteClock "0:00:23"]
[BlackClock "0:00:43"]

1. e4 c6 2. Nf3 d5 3. Nc3 Bg4 4. h3 Bxf3 5. Qxf3 e6 6. d3 Nd7 7. a3 Bc5 8. g3 Ne7 9. Bg2 O-O 10. O-O f5 11. exd5 exd5 12. Re1 Nf6 13. Ne2 Ne4 14. Be3 Bxe3 15. Qxe3 Nf6 16. Nf4 Re8 17. Ne6 Qd6 18. Nd4 c5 19. Qe6+ Qxe6 20. Nxe6 Rac8 21. Nf4 g5 22. Ne6 h6 23. h4 gxh4 24. gxh4 Kf7 25. Nf4 Rg8 26. Kf1 Rg4 27. Ne6 Rxh4 28. Re2 b6 29. Rae1 Nc6 30. c4 dxc4 31. Bxc6 Rxc6 32. Nd8+ Kg6 33. Nxc6 cxd3 34. Ne5+ Kg7 35. Nxd3 Ne4 36. Kg2 Rg4+ 37. Kh2 Rh4+ 38. Kg2 Rg4+ 39. Kf3 Ng5+ 40. Ke3 Re4+ 41. Kd2 Nf3+ 42. Kd1 Nxe1 43. Rxe4 Nxd3 44. Re7+ Kf6 45. Rxa7 Nxf2+ 46. Ke2 Ne4 47. Rb7 h5 48. Rxb6+ Kg5 49. a4 h4 50. Kf3 h3 51. a5 Nd2+ 52. Kg3 Nc4 53. Rb5 Nd6 54. Rb8 f4+ 55. Kxh3 Kf5 56. a6 f3 57. Rf8+ Ke4 58. Rxf3 Kxf3 59. a7 Ke4 60. a8=Q+ Kd4 61. Qa3 Nc4 62. Qc3+ Kd5 63. Qd3+ Ke5 64. Qxc4 Kd6 65. Kg3 Kc6 66. Kf3 Kd6 67. Ke3 Kc6 68. Kd2 Kd6 69. Kc1 Kc6 70. Kb1 Kd6 71. Ka1 Kc6 72. Ka2 Kd6 73. Ka3 Kc6 74. Ka4 Kd6 75. Kb5 Kc7 76. Kxc5 Kb7 77. Qb5+ Ka8 78. Kd6 Ka7 79. Ke7 Ka8 80. Kf8 Ka7 81. b3 Ka8 82. b4 Ka7 83. Kg7 Ka8 84. Kh6 Ka7 85. Kg5 Ka8 86. Kf4 Ka7 87. Ke5 Ka8 88. Kd6 Ka7 89. Kc7 Ka8 90. Qa5# 1-0


[Site "https://www.chess.com"]

[Event "Titled Tuesday Blitz April 05 Early 2022"]
[White "Silva, Kaua Marques"]
[Black "Maevsky, Nikolay"]
[WhiteFideId "22701168"]
[BlackFideId "4198220"]
[WhiteElo "2071"]
[BlackElo "2126"]
[Result "0-1"]
[Round "07"]
[TimeControl "180+1"]
[Date "2022.04.05"]
[WhiteClock "0:00:06"]
[BlackClock "0:00:04"]

1. e4 c6 2. d4 d5 3. e5 Bf5 4. Be2 e6 5. Nf3 Ne7 6. O-O Nd7 7. a4 Bg6 8. a5 a6 9. Bd2 c5 10. c4 dxc4 11. Na3 Nc6 12. Nxc4 cxd4 13. Re1 Be7 14. Nd6+ Bxd6 15. exd6 O-O 16. Bc4 e5 17. Bg5 Qb8 18. Be7 Re8 19. Qa4 Nc5 20. Qa3 Ne4 21. Bd5 Nxe7 22. dxe7 Nf6 23. Rxe5 Qc7 24. Rae1 Rac8 25. h3 d3 26. Bb3 Qd7 27. Ba4 Rc6 28. R5e3 d2 29. Rd1 Rc1 30. Bxd7 Rxd1+ 31. Kh2 Rh1+ 32. Kxh1 d1=Q+ 33. Re1 Qxd7 34. Kh2 Be4 35. Ne5 Qxe7 36. Qxe7 Rxe7 37. Nc4 Kf8 38. Nb6 Bc6 39. Rd1 Ke8 40. f3 Nd7 41. Nc4 Kd8 42. Nd6 Kc7 43. b4 f6 44. Kg3 g6 45. Kf2 Ne5 46. Rd2 f5 47. f4 Nf7 48. Nc4 Bb5 49. Nb6 Bc6 50. Rc2 Nd8 51. Nd5+ Kd6 52. Nxe7 Kxe7 53. Re2+ Ne6 54. g4 fxg4 55. hxg4 Kf6 56. Kg3 Nd4 57. Rd2 Ne6 58. Rd6 h5 59. gxh5 gxh5 60. Rd1 Kf5 61. Rf1 Be4 62. Rf2 Nd4 63. Kh4 Bd5 64. Rb2 Ke4 65. Kxh5 Kxf4 66. Kg6 Ke5 67. Kg7 Bc6 68. Kf7 Kd5 69. Ke7 Kc4 70. Kd6 Kc3 71. Rb1 Nb3 72. Kc7 Kxb4 73. Kb6 Ka4 74. Rb2 Ka3 75. Rh2 Nd4 76. Rh3+ Kb4 77. Rh4 Kc4 78. Rg4 Kd5 79. Rh4 Ne6 80. Rh5+ Kd6 81. Rh1 Nf4 82. Rd1+ Nd5+ 83. Ka7 Kc5 84. Rb1 Nb4 85. Ra1 Kb5 86. Kb8 Bd5 87. Ra3 Bc6 88. Kc7 Nd5+ 89. Kd6 Kb4 90. Ra1 Nc3 91. Ke5 Na4 92. Kd4 Kxa5 93. Kc4 b5+ 94. Kb3 Bd5+ 95. Ka3 b4# 0-1


[Site "https://www.chess.com"]

[Event "Titled Tuesday Blitz April 05 Early 2022"]
[White "Silva, Miguel Antonio Neto"]
[Black "Kozak, Antoni"]
[WhiteFideId "1911929"]
[BlackFideId "21832030"]
[WhiteElo "2204"]
[BlackElo "2236"]
[Result "1/2-1/2"]
[Round "07"]
[TimeControl "180+1"]
[Date "2022.04.05"]
[WhiteClock "0:00:17"]
[BlackClock "0:00:10"]

1. Nf3 Nf6 2. c4 e6 3. g3 c5 4. Bg2 Nc6 5. O-O d6 6. Nc3 Be7 7. d4 cxd4 8. Nxd4 Bd7 9. Ndb5 Qb8 10. Bf4 Ne5 11. Qb3 Bc6 12. Rfd1 Bxg2 13. Kxg2 a6 14. Nd4 Qc7 15. Bxe5 dxe5 16. Nf3 O-O 17. Rac1 Nd7 18. Na4 Rad8 19. Qe3 f5 20. b3 Rfe8 21. Rd2 Bb4 22. Rdd1 e4 23. Ng5 h6 24. Nh3 Nf6 25. Nf4 Kf7 26. h4 Ba3 27. Rb1 Bd6 28. Nh3 b5 29. cxb5 axb5 30. Rbc1 Qa5 31. Nc5 Bxc5 32. Qxc5 Rxd1 33. Rxd1 Qxa2 34. Nf4 Qxb3 35. Rc1 Re7 36. h5 e3 37. f3 b4 38. Qd6 Qb2 39. Rc7 Rxc7 40. Qxc7+ Kg8 41. Nxe6 Qxe2+ 42. Kh3 Qf1+ 43. Kh2 Qf2+ 44. Kh3 Qf1+ 45. Kh2 Nxh5 46. Qd8+ Kh7 47. Nf8+ Kg8 48. Ng6+ Kf7 49. Nh8+ Ke6 50. Qe8+ Kd5 51. Qxh5 Qf2+ 52. Kh3 e2 53. Qxf5+ Kd4 54. Qd7+ Kc3 55. Qc6+ Kd2 56. Qd5+ Kc3 57. Qc6+ Kd3 58. Qb5+ Kc2 59. Qc4+ Kd1 60. Qb3+ Kd2 61. Qxb4+ Ke3 62. Qb6+ Kxf3 63. Qc6+ Ke3 64. Qc5+ Kf3 65. Qf5+ Ke3 66. Qc5+ Kf3 67. Qf5+ Ke3 68. Qc5+ 1/2-1/2


[Site "https://www.chess.com"]